 Dungeon Crawl Stone Soup version 0.31-a0-549-gf98fd537a9 (webtiles) character file.

Game seed: 11105619870161123652

1026 AdnanSaban the Cudgeller (level 8, -6/50 HPs)
             Began as a Gargoyle Fighter on Aug 16, 2023.
             Mangled by Menkaure (13 damage)
             ... on level 5 of the Dungeon.
             The game lasted 00:03:59 (4359 turns).

AdnanSaban the Cudgeller (Gargoyle Fighter)         Turns: 4359, Time: 00:04:00

Health: -6/50      AC: 15    Str: 22    XL:     8   Next: 23%
Magic:  8/8        EV:  8    Int:  9    God:
Gold:   228        SH:  5    Dex: 15    Spells: 7/7 levels left

rFire   . . .        a - +0 flail
rCold   . . .        c - +0 buckler
rNeg    + . .        r - +0 chain mail {Will+}
rPois   ∞            (no helmet)
rElec   +            (no cloak)
rCorr   .            (no gloves)
SInv    .            (no boots)
Will    +....        (no amulet) Stlth
                     f - +6 ring of dexterity
HPRegen 0.28/turn    (no ring)
MPRegen 0.11/turn

%: no passive effects
@: no status effects
A: sickness immunity, AC +5, negative energy resistance 1, electricity
resistance, torment resistance 1, petrification resistance
a: no special abilities


You were on level 5 of the Dungeon.
You visited 1 branch of the dungeon, and saw 5 of its levels.
You also visited: Sewer.

You collected 228 gold pieces.

Inventory:

Hand Weapons
 a - a +0 flail (weapon)
Missiles
 b - 10 poisoned darts (quivered)
 e - 7 curare-tipped darts
 p - 10 atropa-tipped darts
Armour
 c - a +0 buckler (worn)
 r - a +0 chain mail of willpower (worn)
Jewellery
 f - a +6 ring of dexterity (left hand)
 o - a ring of ice
Wands
 A - a wand of mindburst (9)
Scrolls
 g - a scroll of noise {unknown}
 h - a scroll of fog {unknown}
 i - 3 scrolls of teleportation {unknown}
 m - 3 scrolls of identify {unknown}
 n - a scroll of amnesia {unknown}
 s - 2 scrolls of vulnerability {unknown}
 t - a scroll of poison {unknown}
 u - a scroll of brand weapon {unknown}
 w - 2 scrolls of butterflies {unknown}
 y - 2 scrolls of revelation {unknown}
 C - a scroll of fear {unknown}
 D - a scroll of enchant weapon {unknown}
Potions
 d - a potion of might
 j - a potion of enlightenment {unknown}
 k - a potion of attraction {unknown}
 l - 2 potions of haste {unknown}
 q - 2 potions of heal wounds {unknown}
 v - a potion of mutation {unknown}
 x - 2 potions of lignification {unknown}
 z - 2 potions of curing {unknown}
 B - a potion of experience {unknown}


   Skills:
 + Level 5.4 Fighting
 + Level 6.6 Maces & Flails
 + Level 0.1 Throwing
 + Level 5.3 Armour
 + Level 1.4 Dodging
 + Level 4.7 Shields


You had 7 spell levels left.
You didn't know any spells.
Your spell library contained the following spells:

 Spells                   Type           Power      Damage    Failure   Level
 Stone Arrow              Conj/Erth      0%         3d7       100%        3
 Animate Armour           Summ/Erth      0%         N/A       100%        4
 Lehudib's Crystal Spear  Conj/Erth      0%         10d2      100%        8


Dungeon Overview and Level Annotations

Branches:
Dungeon (5/15)              Sewer (visited)
 Temple: D:4-7

Altars:
Sif Muna

Shops:
D:3 *

Annotations:
D:4 2 transporters, Ethylacetat's ghost, amateur OpGl
D:5 Menkaure


Innate Abilities, Weirdness & Mutations

You are immune to sickness and miasma.
Your stone body is resilient. (AC +5)
You are immune to poison.
You resist negative energy. (rN+)
You are resistant to electric shocks. (rElec)
You are resistant to unholy torment.
You are immune to petrification.


Message History

You are too injured to fight recklessly!
You are too injured to fight recklessly!
You are too injured to fight recklessly!
You are too injured to fight recklessly!
You are too injured to fight recklessly!
You are too injured to fight recklessly!
You are too injured to fight recklessly!
You are too injured to fight recklessly!
You are too injured to fight recklessly!
You are too injured to fight recklessly!
Unknown command.
You hit Menkaure.
Menkaure is moderately damaged.
You block Menkaure's attack.
You hit Menkaure but do no damage.
Menkaure is moderately damaged.
Menkaure calls on the powers of darkness!
Your body is wracked with pain!
You hit Menkaure but do no damage.
Menkaure is moderately damaged.
Menkaure hits you!
* * * LOW HITPOINT WARNING * * *
Menkaure hits you.
* * * LOW HITPOINT WARNING * * *
You hit Menkaure.
Menkaure is moderately damaged.
Menkaure closely misses you.
You hit Menkaure.
Menkaure is heavily damaged.
Menkaure hits you but does no damage.
Unknown command.
You completely miss Menkaure.
Menkaure is heavily damaged.
Menkaure breathes soot at you.
Menkaure gestures at you while chanting.
You resist with some effort.
You hit Menkaure but do no damage.
Menkaure is heavily damaged.
Menkaure hits you!
You die...

##.. ##........ #....
##......... ##...
##..........
##.#..###...........
#####......#............
.#.....#................
## #...###..........=...
# #...###.....@M......
#.........>........
#..................
##..####............
#..## ##...........
##..# #........... #..##
#...##...... ##.## #..##
#..... ###...# .#


You could see Menkaure (fast).

Vanquished Creatures
  A black bear (D:5)
  A phantom (D:4)
  Blork the orc (D:4)
  3 kobold brigands (Sewer)
  A bullfrog (D:5)
  A scorpion (D:4)
  2 jellies (D:5)
  Jessica (D:2)
  Ijyb (D:4)
  Terence (D:2)
  Natasha (twice) (D:2)
  3 gnolls (D:4)
  3 river rats (Sewer)
  14 adders
  A white imp (D:5)
  A worm (D:5)
  10 orcs
  3 bats
  3 endoplasms
  5 giant cockroaches
  5 hobgoblins
  6 jackals
  5 quokkas
  9 ball pythons
  5 frilled lizards
  4 goblins
  6 kobolds
  10 rats
108 creatures vanquished.

Notes
Turn   | Place    | Note
-------+----------+-------------------------------------------
     0 | D:1      | AdnanSaban the Gargoyle Fighter began the quest for the
                  | Orb.
     0 | D:1      | Reached XP level 1. HP: 14/14 MP: 1/1
   407 | D:1      | Reached XP level 2. HP: 19/19 MP: 2/2
   977 | D:2      | Noticed Jessica
   984 | D:2      | Killed Jessica
   985 | D:2      | Reached XP level 3. HP: 24/24 MP: 3/3
  1004 | D:2      | Noticed Terence
  1012 | D:2      | Killed Terence
  1013 | D:2      | Reached skill level 3 in Maces & Flails
  1013 | D:2      | Reached XP level 4. HP: 29/29 MP: 4/4
  1068 | D:2      | Noticed Natasha
  1077 | D:2      | Killed Natasha
  1219 | D:2      | Found a shimmering blue altar of Sif Muna.
  1317 | D:2      | Noticed Natasha
  1331 | D:2      | Killed Natasha
  1332 | D:2      | Reached XP level 5. HP: 19/34 MP: 5/5
  1675 | D:3      | Found Belos's General Store.
  2017 | D:4      | Reached skill level 4 in Maces & Flails
  2187 | D:4      | Reached XP level 6. HP: 36/39 MP: 6/6
  2481 | D:4      | Noticed Blork the orc
  2491 | D:4      | Killed Blork the orc
  2502 | D:4      | Reached skill level 5 in Maces & Flails
  2502 | D:4      | Reached XP level 7. HP: 28/44 MP: 7/7
  2583 | D:4      | Found a transporter.
  2583 | D:4      | Noticed Ethylacetat's ghost (amateur OpGl)
  2588 | D:4      | Found a transporter.
  2775 | D:5      | Entered Level 5 of the Dungeon
  2926 | D:5      | Noticed Ijyb
  3058 | D:4      | Killed Ijyb
  3266 | D:5      | Found a glowing drain.
  3293 | Sewer    | Entered a sewer
  3319 | Sewer    | Reached skill level 5 in Fighting
  3402 | Sewer    | Reached skill level 5 in Armour
  3402 | Sewer    | Reached skill level 1 in Dodging
  3683 | Sewer    | Reached skill level 6 in Maces & Flails
  3683 | Sewer    | Reached XP level 8. HP: 45/49 MP: 8/8
  4250 | D:5      | Identified the +4 ring mail of Focus {rC- Regen+ rCorr
                  | Str+4}
  4344 | D:5      | Noticed Menkaure
  4359 | D:5      | Mangled by Menkaure

Illustrated notes

Levels and vault maps discovered:
D:1:      roderic_lyre, layout_basic
D:2:      layout_rooms, basic_altar, chequers_serial_rivers_micro_a,
          minivault_26, uniq_jessica, uniq_natasha, uniq_terence
D:3:      layout_rooms, serial_shops, nicolae_shop_stone
D:4:      layout_basic, gammafunk_ghost_mausoleum, nicolae_figureground_pulse,
          uniq_blork_the_orc
D:5:      layout_layer_cave, chequers_temple_overflow_minitemple,
          minmay_temple_entry_slanted, gup_sewer_entry_bubbles, uniq_menkaure,
          uniq_ijyb, uniq_eustachio

Skill      XL: |  1  2  3  4  5  6  7 |
---------------+----------------------+-----
Fighting       | 4 5 |  5.4
Maces & Flails | 3 4 5 6 |  6.6
Shields        | 4 |  4.7
Armour         | 4 5 |  5.3
Dodging        | 1 |  1.4
Throwing       | |  0.1

Action                     |  1- 3 |  4- 6 |  7- 9 || total
---------------------------+-------+-------+-------++-------
  Melee: Flail             |    38 |   200 |   276 ||   514
  Throw: Dart              |       |     2 |     1 ||     3
 Armour: Scale mail        |    12 |    35 |       ||    47
         Chain mail        |       |    91 |   137 ||   228
  Dodge: Dodged            |    19 |    85 |   104 ||   208
  Block: Buckler           |    13 |    46 |    65 ||   124

Table legend: (Time is in decaauts)
 A = Elapsed time spent in this place.
 B = Non-inter-level travel time spent in this place.
 C = Inter-level travel time spent in this place.
 D = Time resting spent in this place.
 E = Time spent auto-exploring this place.
 F = Levels seen in this place.
 G = Mean time per level.
                   A        B        C        D        E       F      G
               +--------+--------+--------+--------+--------+-----+--------+
         Total |   4644 |   4385 |    259 |    133 |   3213 |   6 |  774.0 |
       Dungeon |   3752 |   3493 |    259 |    133 |   2585 |   5 |  750.4 |
         Sewer |    892 |    892 |      0 |      0 |    627 |   1 |  892.0 |
               +--------+--------+--------+--------+--------+-----+--------+

Top non-repeatable levels by time:
     D:4: 1217 daAuts
     D:1: 979 daAuts
   Sewer: 892 daAuts
     D:3: 558 daAuts
     D:5: 552 daAuts
     D:2: 444 daAuts
